 Dungeon Crawl Stone Soup version 0.29.1-15-g9cfb28693d (webtiles) character file.

Game seed: 5402968347709889770

2902 ThatPearl the Schismatic (level 9, -2/72 HPs)
             Began as a Demonspawn Abyssal Knight on Mar 19, 2023.
             Was an Elder of Lugonu.
             Killed from afar by an electric eel (8 damage)
             ... with a bolt of electricity
             ... on level 7 of the Dungeon.
             The game lasted 00:17:55 (8942 turns).

ThatPearl the Schismatic (DsAK)                     Turns: 8942, Time: 00:17:56

Health: -2/72      AC:  9    Str: 14    XL:     9   Next: 49%
Magic:  15/15      EV: 11    Int: 16    God:    Lugonu [****..]
Gold:   87         SH:  0    Dex: 13    Spells: 3/8 levels left

rFire   + + .      SeeInvis .   r - +4 war axe
rCold   . . .      Faith    .   (no shield)
rNeg    . . .      Spirit   .   w - +1 ring mail {rF+}
rPois   .          Reflect  .   j - +0 helmet
rElec   .          Harm     .   (no cloak)
rCorr   .          Rampage  .   G - +0 pair of gloves
Will    .....                   F - +0 pair of boots
Stlth   +.........              (no amulet)
HPRegen 0.22/turn               A - ring of protection from fire
MPRegen 0.14/turn               (no ring)

@: no status effects
A: ignite blood 2, spiny 1, demonic touch 2
a: Renounce Religion, Depart the Abyss, Bend Space, Banish, Corrupt


You were on level 7 of the Dungeon.
You worshipped Lugonu.
Lugonu was greatly pleased with you.
You visited 1 branch of the dungeon, and saw 7 of its levels.
You visited the Abyss 1 time.

You collected 391 gold pieces.
You spent 304 gold pieces at shops.

Inventory:

Hand Weapons
 a - a +0 battleaxe
 b - a +0 sling
 e - a +1 dagger of electrocution
 l - a +0 war axe
 m - a +1 hand axe
 r - a +4 war axe (weapon)
Missiles
 g - 40 stones (quivered)
 B - 6 atropa-tipped darts
 C - 8 poisoned darts
Armour
 j - a +0 helmet (worn)
 w - a +1 ring mail of fire resistance (worn)
 F - a +0 pair of boots (worn)
 G - a +0 pair of gloves (worn)
Magical Staves
 x - a staff of air
 E - a staff of death
Jewellery
 A - a ring of protection from fire (left hand)
Wands
 v - a wand of flame (10)
Scrolls
 f - a scroll of enchant armour {unknown}
 h - a scroll of magic mapping {unknown}
 k - 3 scrolls of teleportation
 o - 2 scrolls of torment
 p - 2 scrolls of poison {unknown}
 t - a scroll of vulnerability {unknown}
 u - 2 scrolls of blinking {unknown}
 y - a scroll of fear
 D - 3 scrolls of immolation {unknown}
Potions
 c - 2 potions of ambrosia
 d - 4 potions of flight
 i - a potion of lignification
 n - 2 potions of might
 q - a potion of berserk rage
 s - a potion of heal wounds
 z - a potion of magic
 H - a potion of mutation
 I - a potion of cancellation {unknown}


   Skills:
 + Level 7.2 Fighting
 * Level 8.4 Axes
 - Level 1.7 Armour
 + Level 2.5 Dodging
 + Level 8.9 Invocations


You had 3 spell levels left.
You knew the following spells:

 Your Spells              Type           Power      Damage    Failure   Level
s - Swiftness             Air            0%         N/A       83%         3
w - Passwall              Tmut/Erth      0%         N/A       58%         2

Your spell library contained the following spells:

 Spells                   Type           Power      Damage    Failure   Level
 Sandblast                Erth           0%         2d4       45%         1
 Shock                    Conj/Air       0%         1d3       45%         1
 Stone Arrow              Conj/Erth      0%         3d7       83%         3
 Airstrike                Air            0%         2d(0-16)  99%         4
 Animate Armour           Summ/Erth      0%         N/A       99%         4
 Lehudib's Crystal Spear  Conj/Erth      0%         10d2      100%        8


Dungeon Overview and Level Annotations

Branches:
Dungeon (7/15)             Temple (0/1) D:7

Altars:
Gozag
Kikubaaqudgha
Uskayaw

Shops:
D:1 ?   D:2 ?   D:3 ![=*(   D:4 *

Annotations:
D:4 2 transporters, safid's ghost, amateur MfIE


Innate Abilities, Weirdness & Mutations

Your demonic aura often causes spilled blood to erupt in flames.
You are partially covered in sharp spines.
Your touch may inflict irresistible damage on your foes.


Message History

The water moccasin attacks as you move away!
The water moccasin is struck by your spines.
The water moccasin barely misses you.
You feel extremely sick.
You feel very sick.
You feel very sick.
You feel very sick.
Found a hide-covered altar of Uskayaw.
You feel very sick.
You feel sick.
You hit the water moccasin.
The water moccasin is almost dead.
You feel sick.
The water moccasin is struck by your spines.
The water moccasin barely misses you.
The water moccasin bites you but does no damage.
You closely miss the water moccasin.
The water moccasin is almost dead.
You feel sick.
The water moccasin is struck by your spines.
You kill the water moccasin!
Lugonu accepts your kill. The white imp gestures at you.
The puff of frost hits you.
You feel sick. The white imp is struck by your spines.
You kill the white imp!
Lugonu accepts your kill.
You feel sick.
You start resting.
You feel sick. x3
You are no longer poisoned.
A wight comes into view.
It is wielding a +3 spear and carrying a wand of paralysis (8).
The electric eel shoots out a bolt of lightning at you!
The bolt of electricity hits you!
* * * LOW HITPOINT WARNING * * *
The bolt of electricity hits you!
* * * LOW HITPOINT WARNING * * *
The electric eel shoots out a bolt of lightning at you!
The bolt of electricity hits the electric eel.
The electric eel completely resists.
The bolt of electricity hits you!
You die...

##.##........#.#########
#......#####......####
##)#.#...# ##...##....###
#......#.# #..#######...##
...##.##..##.## ###..#
....#.# #.....# ##.#
#.....# #.....# #####.>#
#.#...###.....#####.....##
.....P..........@...#####
.#......#z....###.#.# .
..>..##.....##5.......# #
.....##........S..~~..# .
...P. #........S~..~..#
#........~~..~~.#
#.........~..~~..#
#######:..~~..~~.#
.....~~..~.


You could see 2 electric eels and a wight (wandering).

Vanquished Creatures
  Grinder (D:3)
  Sigmund (D:3)
  A steam dragon (D:6)
  A water moccasin (D:7)
  An ice beast (D:6)
  4 orc warriors
  2 ogres
  5 phantoms
  A bullfrog (D:6)
  3 scorpions
  5 wights (D:7)
  A howler monkey (D:4)
  A jelly (D:6)
  4 hounds
  A gnoll bouda (D:6)
  3 orc priests
  An iguana (D:6)
  3 orc wizards
  4 gnolls (D:6)
  9 adders
  2 shadow imps
  3 white imps
  2 ufetubi
  3 worms
  3 dart slugs
  37 orcs
  3 bats
  5 endoplasms
  3 giant cockroaches
  9 goblins
  9 hobgoblins
  6 jackals
  8 kobolds
  6 quokkas
  6 ball pythons
  5 frilled lizards
  10 rats
172 creatures vanquished.

Vanquished Creatures (others)
  6 plants (D:4)
  4 withered plants (D:2)
10 creatures vanquished.

Grand Total: 182 creatures vanquished

Notes
Turn   | Place    | Note
-------+----------+-------------------------------------------
     0 | Abyss:1  | ThatPearl the Demonspawn Abyssal Knight began the quest for
                  | the Orb.
     0 | Abyss:1  | Reached XP level 1. HP: 18/18 MP: 2/2
     5 | D:1      | Escaped the Abyss
   777 | D:1      | Gained mutation: You are partially covered in sharp spines.
                  | [demonic ancestry]
   777 | D:1      | Reached XP level 2. HP: 17/24 MP: 4/4
  1444 | D:1      | Found Soyrph Ocsuq's Magic Scroll Shop.
  1461 | D:1      | Bought a scroll of identify for 24 gold pieces
  1572 | D:1      | Reached *** piety under Lugonu
  1767 | D:2      | Gained mutation: Your demonic aura sometimes causes spilled
                  | blood to erupt in flames. [demonic ancestry]
  1767 | D:2      | Reached XP level 3. HP: 22/29 MP: 5/5
  2036 | D:2      | Found Zudomit's Magic Scroll Shop.
  2731 | D:2      | Found a faded altar of an unknown god.
  2881 | D:2      | Reached XP level 4. HP: 37/37 MP: 6/6
  3127 | D:3      | Noticed Grinder
  3143 | D:3      | Paralysed by Grinder for 4 turns
  3274 | D:3      | Killed Grinder
  3275 | D:3      | Gained mutation: Your touch may inflict minor irresistible
                  | damage on your foes. [demonic ancestry]
  3275 | D:3      | Reached XP level 5. HP: 15/43 MP: 6/8
  3275 | D:3      | Gained mutation: Your touch may inflict irresistible damage
                  | on your foes. [demonic ancestry]
  3275 | D:3      | Reached XP level 6. HP: 17/49 MP: 6/9
  3500 | D:3      | Found an opulent altar of Gozag.
  3518 | D:3      | Found Quapurri's Distillery.
  3524 | D:3      | Bought a potion of heal wounds for 70 gold pieces
  3524 | D:3      | Bought a potion of degeneration for 14 gold pieces
  3549 | D:3      | Noticed Sigmund
  3567 | D:3      | Killed Sigmund
  3568 | D:3      | Reached skill level 5 in Invocations
  3661 | D:3      | Found Xuanusuw's General Store.
  3697 | D:3      | Reached **** piety under Lugonu
  3698 | D:3      | Reached XP level 7. HP: 37/55 MP: 9/11
  3814 | D:3      | Found Xaribu's Jewellery Boutique.
  3888 | D:3      | Learned a level 2 spell: Passwall
  3916 | D:3      | Found Bav Ipuet's Antique Armour Boutique.
  4138 | D:3      | Found Jeumeif's Weapon Shop.
  4146 | D:3      | Reached skill level 5 in Axes
  4417 | D:4      | Found Ydghai's General Store.
  4450 | D:4      | Reached skill level 5 in Fighting
  4570 | D:4      | Identified the +1 ring mail of Gestures {rF+ rC+ Int+3}
  4570 | D:4      | Identified the +1 buckler "Cunegg" {Rampage rCorr Str-3
                  | Dex+6}
  4581 | D:4      | Noticed safid's ghost (amateur MfIE)
  4644 | D:4      | Found a transporter.
  4645 | D:4      | Found a transporter.
  5127 | D:5      | Entered Level 5 of the Dungeon
  5142 | D:5      | Reached XP level 8. HP: 63/63 MP: 12/12
  5319 | D:5      | Learned a level 3 spell: Swiftness
  5519 | D:3      | Bought a smelly leather armour for 196 gold pieces
  5519 | D:3      | Identified the +0 leather armour "Gutit" {rN+ Dex+3} (You
                  | bought it in a shop on level 3 of the Dungeon)
  5549 | D:5      | Found an ancient bone altar of Kikubaaqudgha.
  7217 | D:6      | Reached skill level 1 in Dodging
  7217 | D:6      | Gained mutation: Your demonic aura often causes spilled
                  | blood to erupt in flames. [demonic ancestry]
  7217 | D:6      | Reached XP level 9. HP: 48/71 MP: 15/15
  7432 | D:6      | Reached ***** piety under Lugonu
  8766 | D:7      | Found a staircase to the Ecumenical Temple.
  8911 | D:7      | Found a hide-covered altar of Uskayaw.
  8942 | D:7      | Killed from afar by an electric eel

Illustrated notes

Levels and vault maps discovered:
D:1:      erik_arrival_blinker_ship, layout_basic, serial_shops,
          nicolae_shop_advertising_works [nicolae_subvault_shop_adworks],
          minmay_misc_feat_doors
D:2:      layout_basic, serial_shops, nicolae_shop_waterfront,
          ebering_ecumenical_altar_petrified
D:3:      layout_basic, mainiacjoe_overflow_six_doors_small, serial_shops, shop,
          nicolae_shop_bloodbath_and_beyond, nicolae_shop_trees,
          nicolae_shop_hallway_stairs, shop, uniq_grinder, uniq_sigmund
D:4:      layout_rooms, gammafunk_ghost_gnarly_gnolls, minmay_misc_feat_tower,
          nicolae_stop_n_shop_2, guppyfry_early_orc_mine
D:5:      layout_basic, nicolae_kikubaaqudgha_miasma_corner,
          hangedman_glass_teeth, lemuel_flame_loot_1
D:6:      layout_loops_corners
D:7:      layout_rooms, mainiacjoe_overflow_catch_the_wave,
          minmay_temple_entry_overgrown, kennysheep_small_circle

Skill      XL: |  1  2  3  4  5  6  7  8  9 |
---------------+----------------------------+-----
Axes           | 2 4 6 7 8 |  8.4
Invocations    | 3 4 5 6 8 |  8.9
Fighting       | 4 5 6 7 |  7.2
Dodging        | 1 2 |  2.5
Armour         | |  1.7

Action                   |  1- 3 |  4- 6 |  7- 9 || total
-------------------------+-------+-------+-------++-------
Melee: Hand axe          |    68 |       |       ||    68
       Battleaxe         |    15 |    47 |       ||    62
       War axe           |       |       |   186 ||   186
       Touch             |       |       |    24 ||    24
       Punch             |       |       |     4 ||     4
 Fire: Sling             |    32 |       |       ||    32
Throw: Stone             |     1 |     5 |       ||     6
Invok: Banish            |       |       |     1 ||     1
  Use: Scroll            |     3 |       |     7 ||    10
Armor: Leather armour    |    23 |       |       ||    23
       Scale mail        |     4 |    21 |     2 ||    27
       Ring mail         |       |       |    58 ||    58
Dodge: Dodged            |    47 |    23 |    98 ||   168
